 Dungeon Crawl Stone Soup version 0.17-a0-1687-g01fd01a (webtiles) character file.

461 zeke the Digger (level 6, -1/54 (55) HPs)
             Began as a Troll Earth Elementalist on Aug 19, 2015.
             Was a Believer of Cheibriados.
             Succumbed to an orc wizard's poison
             ... on level 5 of the Dungeon.
             The game lasted 00:12:16 (3361 turns).

zeke the Digger (Troll Earth Elementalist)          Turns: 3361, Time: 00:12:16

HP:   -1/54 (55)    AC:  9    Str: 21    XL:     6   Next: 79%
MP:   7/7           EV:  9    Int: 19    God:    Cheibriados [**....]
Gold: 187           SH:  0    Dex: 14    Spells: 1 memorised, 7 levels left

rFire  . . .     SeeInvis .       - Unarmed
rCold  . . .     Clarity  .     b - +0 robe
rNeg   . . .     SustAt   .     w - +1 shield {AC+3}
rPois  .         Gourm    +     (helmet restricted)
rElec  .         Spirit   .     o - +0 cloak
rCorr  .         Warding  .     (gloves unavailable)
rMut   .         Stasis   .     (boots unavailable)
MR     .....                    (no amulet)
Stlth  +.........               (no ring)
                                g - +2 ring of intelligence

@: confused, lethally poisoned (-1 -> -32), very slow, not resistant to hostile
enchantments, very unstealthy
A: unfitting armour, claws 3, fast metabolism 3, gourmand, regeneration 2,
shaggy fur 1, tough skin 2
a: Bend Time, Renounce Religion


You were on level 5 of the Dungeon.
You worshipped Cheibriados.
Cheibriados was pleased with you.
You were not hungry.

You visited 1 branch of the dungeon, and saw 5 of its levels.

You collected 187 gold pieces.

Inventory:

Missiles
 a - 177 stones (quivered)
Armour
 b - a +0 robe (worn)
 o - a +0 cloak (worn)
 w - a +1 shield of protection (worn)
Jewellery
 g - a +2 ring of intelligence (left claw)
 x - an uncursed amulet of faith {unknown}
 F - an uncursed ring of protection from cold {unknown}
Magical devices
 p - a wand of heal wounds (5)
 u - a wand of slowing (17)
Scrolls
 f - 3 scrolls of identify {unknown}
 i - 2 scrolls of fear {unknown}
 k - 2 scrolls of blinking {unknown}
 l - 2 scrolls of magic mapping {unknown}
 q - 3 scrolls of amnesia {unknown}
 s - 4 scrolls of enchant weapon {unknown}
 t - a scroll of enchant armour {unknown}
 v - a scroll of random uselessness {unknown}
 y - a scroll of noise {unknown}
 C - a scroll of teleportation {unknown}
 G - a scroll of recharging {unknown}
Potions
 e - a potion of brilliance {unknown}
 h - 4 potions of curing {unknown}
 j - 2 potions of resistance {unknown}
 m - 2 potions of invisibility {unknown}
 z - a potion of cure mutation {unknown}
 A - a potion of lignification {unknown}
 B - a potion of heal wounds {unknown}
 D - 2 potions of flight {unknown}
 E - a potion of berserk rage {unknown}
Books
 c - a book of Geomancy

   Spells                             Type                      Level
   a - Sandblast                      Earth                        1
   b - Stoneskin                      Transmutation/Earth          2
   c - Passwall                       Transmutation/Earth          3
   d - Stone Arrow                    Conjuration/Earth            3
   e - Petrify                        Transmutation/Earth          4
   f - Lee's Rapid Deconstruction     Earth                        5
Comestibles
 d - 3 bread rations
 n - 5 meat rations


   Skills:
 - Level 1.0 Fighting
 + Level 2.8 Dodging
 - Level 1.1 Stealth
 * Level 2.9 Shields
 - Level 1.4 Unarmed Combat
 + Level 1.7 Spellcasting
   Level 0.6 Transmutations
 * Level 4.6 Earth Magic


You had 7 spell levels left.
You knew the following spells:

 Your Spells              Type           Power        Failure   Level  Hunger
a - Sandblast             Erth           ###...       12%         1    #......


Dungeon Overview and Level Annotations

Branches:
Dungeon (5/15)
 Temple: D:4-7

Altars:
Ashenzari
Cheibriados
Dithmenos
Gozag
Kikubaaqudgha
Okawaru
Qazlal
Yredelemnul


Innate Abilities, Weirdness & Mutations

You are too large for most types of armour.
You have claws for hands.
Your metabolism is lightning-fast.
You like to eat raw meat.
You heal very quickly.
You are covered in fur (AC +1).
You have very tough skin (AC +2).


Message History

Your shield prevents you from hitting something.
* * * LOW HITPOINT WARNING * * *
You feel sick.
You hear some strange, mumbled words.
You are confused.
You scratch something.
* * * LOW HITPOINT WARNING * * *
You feel sick. Something hits you but does no damage.
You are more poisoned.
You're too confused to move!
* * * LOW HITPOINT WARNING * * *
You feel sick. Something hits you but does no damage.
You are more poisoned.
You bump into the rock wall.
* * * LOW HITPOINT WARNING * * *
You feel very sick. Something hits you.
* * * LOW HITPOINT WARNING * * *
You are more poisoned.
You die...

#... #..# #..#
.# #..# .# #.)#
.# .
.#####..##.#
##..
......){...#
...# #)#.## ..#
######@).>######
#.#
#..?............
...##.##...#####
... ##.## ###
#.# ...
######.#######
#.#
#............#
#.#
#.####.#####.###
#.# #.
#.........#


There were no monsters in sight!

Vanquished Creatures
  An ogre (D:4)
  A necrophage (D:5)
  A crimson imp (D:4)
  A centaur zombie (D:5)
  An orc priest (D:5)
  A worker ant (D:4)
  A hound zombie (D:5)
  A worker ant zombie (D:5)
  6 adders
  An ooze (D:3)
  2 worms (D:2)
  4 giant geckos
  6 orcs
  A bat zombie (D:3)
  3 giant cockroaches
  9 goblins
  5 hobgoblins
  6 jackals
  2 quokkas
  10 bats
  A giant gecko skeleton (D:4)
  4 giant newts
  11 kobolds
  2 quokka skeletons
  6 rats
87 creatures vanquished.

Notes
Turn   | Place    | Note
--------------------------------------------------------------
     0 | D:1      | zeke the Troll Earth Elementalist began the quest for the Orb.
     0 | D:1      | Reached XP level 1. HP: 16/16 MP: 1/1
   207 | D:1      | Reached XP level 2. HP: 24/24 MP: 3/3
   280 | D:1      | Reached skill level 3 in Earth Magic
   933 | D:2      | Reached XP level 3. HP: 28/32 MP: 4/4
  1189 | D:2      | Reached skill level 1 in Unarmed Combat
  1200 | D:2      | Found a shattered altar of Ashenzari.
  1360 | D:2      | Found a snail-covered altar of Cheibriados.
  1382 | D:2      | Reached XP level 4. HP: 16/40 MP: 5/5
  1410 | D:2      | Became a worshipper of Cheibriados the Contemplative
  1443 | D:2      | Reached skill level 1 in Fighting
  1541 | D:2      | Upgraded the game from 0.17-a0-1674-g2b13139 to 0.17-a0-1687-g01fd01a
  1760 | D:3      | Found a stormy altar of Qazlal.
  1886 | D:3      | Found an opulent altar of Gozag.
  1972 | D:3      | Acquired Cheibriados's first power
  2107 | D:3      | Found a basalt altar of Yredelemnul.
  2296 | D:3      | Found an ancient bone altar of Kikubaaqudgha.
  2451 | D:4      | Found a shadowy altar of Dithmenos.
  2571 | D:4      | Noticed an ogre
  2584 | D:4      | Killed an ogre
  2584 | D:4      | Reached skill level 1 in Shields
  2584 | D:4      | Reached XP level 5. HP: 19/48 MP: 6/6
  2778 | D:4      | Reached skill level 4 in Earth Magic
  2781 | D:4      | Found an iron altar of Okawaru.
  2969 | D:4      | Reached XP level 6. HP: 55/55 MP: 7/7
  3117 | D:5      | Entered Level 5 of the Dungeon
  3360 | D:5      | HP: 2/54 [something (2)]
  3361 | D:5      | Succumbed to an orc wizard's poison

Vault maps used:
D:1:      dpeg_arrival_rhombus
D:2:      nicolae_overflow_crystal_walls, cheibriados_altar_wand_db
D:3:      grunt_gozag_breadcrumbs, lemuel_zombie_altar_kikubaaqudgha,
          lemuel_doored_altar, grunt_qazlal_sundering, first_bread
D:4:      okawaru_gym_becter, lemuel_crystal_altar, kennysheep_generic_room_8
D:5:      lemuel_round_altar, uniq_menkaure

Action                   |  1- 3 |  4- 6 || total
-------------------------+-------+-------++-------
Melee: Unarmed           |   161 |   210 ||   371
Throw: Stone             |     1 |     3 ||     4
 Cast: Sandblast         |       |     4 ||     4
 Stab: Sleeping          |     1 |     2 ||     3
  Eat: Chunk             |     9 |    17 ||    26
       Royal jelly       |       |     1 ||     1
